 Dungeon Crawl Stone Soup version 0.19.0-19-g8c6edcc (webtiles) character file.

17 magipi the Cudgeler (level 2, 0/32 HPs)
             Began as an Ogre Abyssal Knight on Nov 15, 2016.
             Was a Follower of Lugonu.
             Slain by a kobold
             ... wielding a +0 short sword
              (4 damage)
             ... on level 1 of the Dungeon.
             The game lasted 00:02:17 (652 turns).

magipi the Cudgeler (Ogre Abyssal Knight)            Turns: 652, Time: 00:02:17

Health: 0/32       AC:  3    Str: 16    XL:     2   Next: 62%
Magic:  3/3        EV: 10    Int: 11    God:    Lugonu [*.....]
Gold:   59         SH:  0    Dex:  9    Spells: 0 memorised, 1 level left

rFire  . . .     SeeInvis .     a - +1 mace
rCold  . . .     Gourm    .     b - +0 robe
rNeg   . . .     Faith    .     (no shield)
rPois  .         Spirit   .     (helmet restricted)
rElec  .         Reflect  .     (no cloak)
rCorr  .         Harm     .     (gloves unavailable)
MR     .....                    (boots unavailable)
Stlth  +.........               (no amulet)
                                (no ring)
                                (no ring)

@: no status effects
A: unfitting armour, tough skin 1
a: Depart the Abyss, Renounce Religion


You were on level 1 of the Dungeon.
You worshipped Lugonu.
Lugonu was aware of your devotion.
You were not hungry.

You visited 1 branch of the dungeon, and saw 1 of its levels.
You visited the Abyss 1 time.

You collected 59 gold pieces.

Notes
Turn   | Place    | Note
-------+----------+-------------------------------------------
     0 | Abyss:1  | magipi the Ogre Abyssal Knight began the quest for the Orb.
     0 | Abyss:1  | Reached XP level 1. HP: 24/24 MP: 2/2
    36 | D:1      | Escaped the Abyss
    87 | D:1      | Reached * piety under Lugonu
   152 | D:1      | Reached XP level 2. HP: 21/32 MP: 3/3
   652 | D:1      | Slain by a kobold

Inventory:

Hand Weapons
 a - a +1 mace (weapon)
Armour
 b - a +0 robe (worn)
Jewellery
 h - a +4 ring of protection {unknown}
Scrolls
 d - a scroll of teleportation {unknown}
 e - a scroll of remove curse {unknown}
 f - a scroll of recharging {unknown}
 g - 2 scrolls of identify {unknown}
 i - a scroll of enchant armour {unknown}
 l - a scroll of magic mapping {unknown}
 m - a scroll of enchant weapon {unknown}
Comestibles
 c - 2 bread rations
 j - a beef jerky
 k - a chunk of flesh


   Skills:
 - Level 4.0 Fighting
 + Level 4.2 Maces & Flails
 - Level 2.1 Dodging
 - Level 2.0 Invocations


You had one spell level left.
You didn't know any spells.

Dungeon Overview and Level Annotations

Branches:
Dungeon (1/15)

Altars:


Innate Abilities, Weirdness & Mutations

You are too large for most types of armour.
You have tough skin. (AC +1)

Vault maps used:
D:1:      grunt_arrival_crossed_arrows


Message History

The bat closely misses you.
You sock the kobold!
You kill the kobold!
Lugonu accepts your kill. The bat hits you but does no damage.
The bat misses you.
Things that are here:
a whip; a kobold corpse You hit the bat.
The bat is severely wounded.
The bat barely misses you.
You miss the bat.
The bat is severely wounded.
The bat barely misses you. x3
You barely miss the bat.
The bat is severely wounded.
The bat hits you but does no damage. x2
The bat hits you but does no damage.
You miss the bat. The bat barely misses you.
A rat comes into view.
The bat closely misses you.
The rat moves out of view.
The bat hits you. The bat barely misses you. x2
The bat hits you. The bat hits you but does no damage.
The bat barely misses you. The bat hits you but does no damage.
The bat hits you but does no damage. The bat hits you but does no damage.
The bat barely misses you. The bat hits you but does no damage.
The bat hits you but does no damage. The bat hits you.
Found a scroll labeled GIMY ETYKUBLOFI.
You hit the bat.
You kill the bat!
Lugonu accepts your kill.
You barely miss the rat. The rat barely misses you.
You hit the rat.
You kill the rat!
Lugonu accepts your kill.
You see here a rat corpse.
You butcher the rat corpse.
d - 2 chunks of flesh (gained 1)
You see here a rat skeleton.
You start resting.
HP restored.
You start waiting.
Some of the chunks of flesh in your inventory have rotted away.
A bat comes into view.
All of the chunks of flesh in your inventory have rotted away.
d - a scroll labeled GIMY ETYKUBLOFI The bat is too close now for your liking.
Unknown command.
The bat closely misses you.
You hit the bat.
You kill the bat!
Lugonu accepts your kill.
You see here a bat corpse.
You butcher the bat corpse.
k - a chunk of flesh
l - a scroll labeled AMYIQO WACI
g - 2 scrolls labeled MIUCER QOGU (gained 1)
m - a scroll labeled OTHRUC ZUVVI A rat and a kobold come into view.
Unknown command.
The kobold hits you with a short sword.
You closely miss the kobold. The kobold barely misses you.
You barely miss the kobold. The kobold hits you but does no damage.
The kobold hits you with a short sword.
You completely miss the kobold. The kobold hits you with a short sword.
You hit the kobold.
The kobold is moderately wounded.
The kobold barely misses you.
You completely miss the kobold.
The kobold is moderately wounded.
The kobold hits you but does no damage.
You barely miss the kobold.
The kobold is moderately wounded.
The kobold hits you with a short sword.
You barely miss the kobold.
The kobold is moderately wounded.
The kobold closely misses you. The kobold hits you with a short sword.
You closely miss the kobold.
The kobold is moderately wounded.
The kobold hits you with a short sword.
You closely miss the kobold.
The kobold is moderately wounded.
The kobold hits you with a short sword.
You barely miss the kobold.
The kobold is moderately wounded.
The kobold hits you with a short sword.
You hit the kobold.
The kobold is heavily wounded.
The kobold hits you with a short sword.
* * * LOW HITPOINT WARNING * * *
You closely miss the kobold.
The kobold is heavily wounded.
The kobold hits you with a short sword.
* * * LOW HITPOINT WARNING * * *
The kobold hits you with a short sword.
You die...

##.....#####.#...
##...####.......
######.....#.#.#...
#...##.....#.#.#..#
... #.........#...
... #.....#.###..#
#r# #.....#.###...
#K# #######......#
#@# ###########.#
#.####......# #.#
#......####.# #.#
#####..####.####.#
#............#
#..#.#..######
#..#.#..# #.......#
#.####.##


You could see a kobold and a rat.

Vanquished Creatures
  A dart slug (D:1)
  A leopard gecko (D:1)
  2 goblins (D:1)
  A hobgoblin (D:1)
  5 bats (D:1)
  3 frilled lizards (D:1)
  A kobold (D:1)
  2 rats (D:1)
16 creatures vanquished.

Action                   || total
-------------------------++-------
Melee: Mace              ||    50
Invok: Depart the Abyss  ||     1
Armor: Robe              ||    17
Dodge: Dodged            ||    25

Action                   || total
-------------------------++-------
Melee: Mace              ||    50
Invok: Depart the Abyss  ||     1
Armor: Robe              ||    17
Dodge: Dodged            ||    25
